Map: Tropical Sacrifice

Players

RagnaroK (SHIN) - Winner!

  • Race: Zerg Zerg
  • Spawn Location: 7:00

Lambo

  • Race: Zerg Zerg
  • Spawn Location: 1:00

VOD

Have the link to the VOD?

Description

Time

  • Played on: Oct. 23, 2022, 9:57 p.m.
  • Length: 12:28
Show
View Real Time Build Order
Export as new Build Order

RagnaroK Zerg - Winner!

Build Orders: Hatch First 

Get SALT Encoding   

  12  0:00  Drone  
  13  0:13  Overlord  
  13  0:18  Drone  
  14  0:32  Drone x2  
  16  0:50  Hatchery  
  16  0:52  Drone  
  16  0:56  Drone  
  17  1:00  Drone  
  18  1:10  Extractor  
  17  1:15  Spawning Pool  
  17  1:18  Drone  
  17  1:21  Drone  
  18  1:29  Drone  
  19  1:39  Drone  
  20  1:50  Drone  
  21  2:01  Queen  
  21  2:02  Queen, Drone  
  21  2:03  Zergling x2  
  27  2:11  Overlord  
  27  2:13  Metabolic Boost, Drone  
  28  2:30  Drone  
  28  2:31  Drone  
  28  2:32  Drone  
  28  2:34  Drone  
  32  2:44  Hatchery  
  32  2:48  Baneling Nest, Drone  
  31  2:52  Drone  
  31  2:57  Queen  
  34  3:02  Overlord  
  34  3:11  Zergling x4  
  36  3:21  Zergling x6  
  36  3:22  Drone x3  
  36  3:23  Drone  
  43  3:29  Drone  
  43  3:30  Evolution Chamber  
  43  3:36  Roach Warren  
  43  3:37  Baneling  
  42  3:44  Overlord  
  42  3:46  Overlord  
  42  3:53  Overlord  
  41  4:04  Drone  
  41  4:07  Zergling x4  
  44  4:16  Roach x6  
  56  4:17  Roach  
  56  4:21  Roach  
  60  4:28  Overlord  
  60  4:31  Zergling x8  
  62  4:41  Zergling x12  
  62  4:44  Zergling x2  
  62  4:45  Zergling x2  
  68  4:52  Baneling x4  
  68  4:53  Drone x3  
  68  4:56  Drone  
  68  4:59  Drone x2  
  74  5:01  Drone  
  74  5:06  Drone  
  75  5:09  Drone x2  
  77  5:18  Drone x5  
  77  5:19  Drone x2  
  74  5:24  Roach  
  74  5:25  Roach  
  71  5:29  Roach  
  71  5:30  Roach  
  71  5:32  Extractor  
  71  5:33  Extractor  
  72  5:36  Overlord  
  72  5:37  Roach  
  72  5:39  Zergling x6  
  77  5:43  Zergling x2  
  77  5:46  Zergling x2  
  77  5:48  Zergling x2  
  79  5:55  Zergling x2  
  78  5:58  Roach x2, Overlord  
  78  5:59  Roach x2  
  78  6:02  Roach  
  88  6:05  Roach  
  88  6:08  Overlord  
  88  6:09  Overlord  
  90  6:11  Overlord  
  90  6:16  Overlord  
  90  6:17  Roach x2  
  94  6:21  Roach  
  94  6:24  Roach, Overlord  
  98  6:27  Roach  
  98  6:32  Roach x2  
  103  6:33  Roach  
  103  6:37  Zergling x6  
  108  6:45  Zergling x10  
  112  6:47  Zergling x2  
  112  6:53  Baneling x5  
  112  6:54  Zergling x2  
  114  6:55  Zergling x4  
  114  6:56  Zergling x2  
  114  6:58  Zergling x4  
  114  7:00  Zergling x2  
  120  7:02  Zergling x2  
  120  7:03  Zergling x2  
  120  7:04  Zergling x2  
  123  7:08  Zergling x6  
  123  7:15  Zergling x4  
  116  7:17  Zergling x2  
  116  7:19  Zerg Ground Armor Level 1  
  105  7:22  Lair  
  105  7:23  Zergling x2  
  105  7:25  Zergling x2  
  105  7:26  Zergling x2  
  105  7:28  Zergling x2  
  101  7:31  Drone x2  
  101  7:33  Drone  
  101  7:34  Drone  
  101  7:36  Drone x2  
  102  7:38  Drone  
  102  7:39  Drone  
  102  7:41  Drone  
  102  7:43  Drone  
  102  7:44  Drone  
  103  7:50  Drone  
  101  7:53  Drone x4  
  101  7:54  Evolution Chamber  
  101  7:55  Drone  
  100  8:03  Roach x4  
  107  8:08  Extractor  
  107  8:10  Drone x5, Extractor  
  110  8:14  Roach, Extractor  
  111  8:22  Overseer  
  111  8:26  Spire  
  110  8:31  Drone x2  
  110  8:32  Drone  
  110  8:33  Roach  
  115  8:36  Glial Reconstitution  
  115  8:38  Overlord  
  115  8:41  Spine Crawler  
  115  8:42  Hatchery  
  115  8:46  Roach, Overlord  
  113  8:59  Overlord  
  113  9:03  Ravager  
  113  9:08  Drone x2  
  115  9:12  Spine Crawler  
  115  9:14  Spine Crawler x2  
  112  9:21  Spine Crawler  
  111  9:25  Drone x2  
  111  9:27  Drone x2  
  111  9:29  Spore Crawler  
  114  9:37  Mutalisk x2  
  114  9:38  Mutalisk x9  
  134  9:41  Overlord, Extractor x2  
  133  9:45  Mutalisk  
  133  9:47  Drone x5  
  140  9:53  Mutalisk  
  140  9:55  Drone x4  
  142  10:01  Zerg Flyer Armor Level 1  
  142  10:03  Queen  
  142  10:06  Mutalisk  
  142  10:13  Overlord  
  142  10:18  Spore Crawler  
  141  10:23  Mutalisk x2  
  141  10:24  Mutalisk  
  141  10:26  Overlord  
  147  10:29  Mutalisk  
  147  10:32  Hatchery  
  148  10:37  Mutalisk x2  
  152  10:44  Mutalisk x2  
  156  10:50  Overlord  
  156  10:57  Mutalisk  
  156  10:59  Spore Crawler  
  147  11:05  Mutalisk x2  
  147  11:09  Mutalisk  
  143  11:13  Drone x5  
  143  11:14  Drone x6  
  143  11:17  Mutalisk x2  
  158  11:19  Zergling x6  
  158  11:24  Mutalisk  
  163  11:26  Zergling x6  
  166  11:33  Extractor  
  166  11:35  Mutalisk x2, Extractor  
  167  11:43  Mutalisk x2  
  167  11:45  Zergling x2  
  167  11:46  Zergling x16  
  168  11:51  Mutalisk x2  
  169  11:58  Mutalisk  
  171  12:04  Spine Crawler  
  176  12:10  Zergling x2  
  176  12:11  Zergling x14  
Show
View Real Time Build Order
Export as new Build Order

Lambo Zerg 

Build Orders: Hatch First 

Get SALT Encoding   

  12  0:00  Drone  
  13  0:12  Overlord  
  13  0:17  Drone  
  14  0:31  Drone x2  
  16  0:49  Hatchery  
  15  0:53  Drone  
  15  0:56  Drone  
  17  1:00  Drone  
  18  1:10  Extractor  
  17  1:15  Spawning Pool  
  16  1:19  Drone  
  16  1:22  Drone  
  18  1:29  Drone  
  19  1:39  Drone  
  20  1:49  Drone  
  21  2:02  Queen x2  
  21  2:03  Zergling x2  
  21  2:04  Overlord  
  26  2:11  Metabolic Boost  
  26  2:12  Drone  
  26  2:14  Drone  
  28  2:23  Drone x2  
  30  2:37  Hatchery  
  30  2:39  Zergling x2  
  30  2:44  Drone  
  30  2:46  Drone  
  30  2:51  Baneling Nest  
  31  2:55  Overlord  
  31  2:57  Zergling x2  
  32  3:00  Drone  
  33  3:07  Queen  
  33  3:12  Drone  
  36  3:14  Zergling x4  
  36  3:16  Drone  
  36  3:19  Overlord  
  39  3:23  Drone  
  39  3:25  Drone  
  41  3:30  Drone  
  41  3:31  Drone  
  41  3:32  Drone  
  44  3:35  Baneling  
  44  3:38  Drone  
  45  3:43  Drone x2  
  45  3:45  Zergling x4  
  45  3:46  Drone  
  45  3:47  Drone  
  50  3:50  Baneling  
  50  3:55  Drone x3  
  53  4:01  Evolution Chamber  
  52  4:03  Drone x2  
  52  4:09  Drone, Roach Warren  
  54  4:12  Drone x2  
  54  4:16  Overlord  
  54  4:17  Extractor  
  54  4:19  Extractor  
  54  4:20  Zergling x8  
  54  4:22  Overlord  
  57  4:27  Overlord  
  57  4:29  Zergling x2  
  57  4:47  Overlord  
  57  4:49  Roach x8  
  73  4:55  Zergling x10, Roach  
  80  5:01  Zergling x2  
  80  5:05  Zergling x4  
  81  5:12  Roach x2  
  78  5:15  Zergling x2  
  78  5:21  Roach x2  
  74  5:23  Queen  
  74  5:26  Queen  
  74  5:27  Queen  
  74  5:31  Drone x3  
  74  5:32  Drone  
  74  5:33  Drone  
  78  5:37  Zerg Missile Weapons Level 1  
  78  5:38  Drone  
  78  5:40  Drone  
  80  5:44  Drone  
  80  5:47  Drone  
  81  5:50  Drone  
  81  5:53  Drone  
  82  5:57  Overlord  
  82  6:01  Lair  
  82  6:05  Drone, Extractor  
  82  6:06  Drone  
  82  6:10  Drone  
  84  6:14  Roach x2  
  88  6:19  Zergling x2  
  88  6:23  Hatchery  
  89  6:25  Drone x2  
  89  6:30  Drone  
  89  6:32  Drone x3  
  94  6:36  Roach x2  
  94  6:39  Overlord x3, Extractor x2  
  96  6:42  Overlord  
  96  6:44  Queen  
  96  6:46  Spine Crawler  
  97  6:47  Spine Crawler  
  97  6:49  Overlord, Spine Crawler  
  97  6:51  Overlord  
  96  6:56  Spine Crawler x2  
  96  6:58  Ravager  
  96  6:59  Roach x4  
  103  7:02  Ravager  
  103  7:03  Roach x2  
  103  7:05  Roach  
  110  7:09  Roach x2  
  110  7:13  Roach x2  
  110  7:15  Roach  
  112  7:17  Roach  
  112  7:19  Roach  
  112  7:22  Roach  
  101  7:27  Roach, Ravager  
  81  7:30  Roach  
  81  7:33  Roach  
  75  7:38  Roach x2  
  75  7:41  Roach  
  75  7:42  Zergling x2  
  82  7:44  Roach  
  82  7:47  Roach  
  80  7:52  Roach x2  
  80  7:53  Zergling x2  
  81  8:01  Roach  
  83  8:09  Spire  
  82  8:14  Roach  
  82  8:19  Roach  
  88  8:20  Hatchery, Roach  
  87  8:32  Roach  
  87  8:34  Roach  
  91  8:37  Roach  
  93  8:44  Drone x6  
  99  8:51  Queen  
  100  8:58  Extractor  
  99  9:14  Extractor  
  97  9:21  Mutalisk x5  
  107  9:31  Mutalisk  
  109  9:39  Mutalisk  
  109  9:43  Queen  
  109  9:44  Zergling x2  
  109  9:45  Zergling x4  
  116  9:46  Hatchery  
  115  9:53  Mutalisk x2  
  115  9:56  Drone x3  
  120  10:00  Mutalisk  
  120  10:04  Mutalisk  
  120  10:05  Mutalisk  
  126  10:10  Drone x3  
  126  10:12  Mutalisk  
  131  10:17  Mutalisk  
  133  10:21  Mutalisk  
  133  10:26  Mutalisk  
  137  10:36  Overlord x2  
  137  10:38  Overlord  
  137  10:41  Overlord  
  137  10:45  Spore Crawler x2, Extractor  
  137  10:46  Extractor  
  133  10:51  Overlord  
  131  10:59  Mutalisk x2  
  127  11:04  Mutalisk x2  
  127  11:09  Mutalisk  
  123  11:12  Mutalisk  
  125  11:20  Drone x3  
  125  11:21  Mutalisk  
  130  11:26  Mutalisk  
  130  11:29  Drone x2  
  130  11:30  Drone  
  135  11:34  Mutalisk  
  135  11:39  Mutalisk  
  137  11:43  Mutalisk  
  141  11:50  Mutalisk x2  
  145  11:56  Mutalisk  
Tags
 
Add a new tag
Caveats
  • Supply blocks, unpowered buildings, or Contaminate may cause inaccurate times.
  • Supply counts are checked every 10 seconds.